 Dungeon Crawl Stone Soup version 0.19.1-1-g22dce08 (console) character file.

178405 Grinner the Imperceptible (level 18, -2/106 HPs)
             Began as a Kobold Assassin on Jan 16, 2017.
             Was the Champion of Nemelex Xobeh.
             Slain by a nagaraja (11 damage)
             ... on level 4 of the Snake Pit.
             The game lasted 05:15:11 (42191 turns).

Grinner the Imperceptible (Kobold Assassin)        Turns: 42191, Time: 05:15:13

Health: -2/106     AC: 18    Str: 18    XL:     18   Next: 51%
Magic:  27/28      EV: 32    Int: 17    God:    Nemelex Xobeh [******]
Gold:   57         SH: 18    Dex: 27    Spells: 5 memorised, 18 levels left

rFire  + . .     SeeInvis .     P - +1 dagger (vamp)
rCold  + . .     Gourm    .     p - +0 steam dragon scales of the Gate {*Drain rC+ Stlth+}
rNeg   + . .     Faith    .     e - +4 shield {reflect}
rPois  +         Spirit   .     X - +0 helmet of Free Expression {rCorr Str+5 Dex-2}
rElec  +         Reflect  +     H - +0 cloak
rCorr  +         Harm     .     Z - +0 pair of gloves "Xukypont" {+Fly Dex+2}
MR     ++...                    K - +1 pair of boots {Stlth+}
Stlth  ++++++++++               j - amulet of regeneration
                                n - ring "Qihosk" {rPois rN+ Int+3 Slay+2}
                                q - ring of protection from fire

@: agile, lethally poisoned (-2 -> -2), very slightly contaminated
A: claws 1, icy blue scales 1, thin metallic scales 1, yellow scales 1,
camouflage 1, blink, carnivore 3, clever 1, magic resistance 1, robust 2,
electricity resistance, strong 1, wild magic 1, evolution 1
a: Blink, Triple Draw, Deal Four, Stack Five, Renounce Religion, Evoke Flight
}: 1/15 runes: decaying


You were on level 4 of the Snake Pit.
You worshipped Nemelex Xobeh.
Nemelex Xobeh was exalted by your worship.
You were not hungry.

You visited 9 branches of the dungeon, and saw 35 of its levels.
You also visited: Labyrinth and Volcano.

You collected 2811 gold pieces.
You spent 2754 gold pieces at shops.

Inventory:

Hand Weapons
 a - a +3 rapier of venom
 s - the +7 Spriggan's Knife {MR+ EV+4 Dex+4 Stlth+}
   (You found it on level 5 of the Lair of Beasts)

   It affects your evasion (+4).
   It affects your dexterity (+4).
   It affects your resistance to hostile enchantments.
   It makes you more stealthy.
 P - a +1 vampiric dagger (weapon)
Armour
 e - a +4 shield of reflection (worn)
 p - the +0 steam dragon scales of the Gate (worn) {*Drain rC+ Stlth+}
   (You bought it in a shop on level 11 of the Dungeon)

   It protects you from cold.
   It causes draining when unequipped.
   It makes you more stealthy.
 H - a +0 cloak (worn)
 K - a +1 pair of boots of stealth (worn)
 S - the +0 pair of boots of the Desert {rElec Dex+4}
   (You bought it in a shop on level 4 of the Snake Pit)

   It affects your dexterity (+4).
   It insulates you from electricity.
 X - the +0 helmet of Free Expression (worn) {rCorr Str+5 Dex-2}
   (You found it on level 4 of the Snake Pit)

   It affects your strength (+5).
   It affects your dexterity (-2).
   It protects you from acid and corrosion.
 Z - the +0 pair of gloves "Xukypont" (worn) {+Fly Dex+2}
   (You bought it in a shop on level 11 of the Dungeon)

   It affects your dexterity (+2).
   It lets you fly.
Rods
 W - a +2 rod of clouds (16/16)
   (You took it off a naga mage on level 3 of the Snake Pit)
Jewellery
 b - an uncursed ring of resist corrosion
 j - an amulet of regeneration (around neck)
 k - an uncursed ring of positive energy
 l - an uncursed ring of see invisible
 n - the ring "Qihosk" (right hand) {rPois rN+ Int+3 Slay+2}
   (You bought it in a shop on level 2 of the Orcish Mines)

   [ring of poison resistance]

   It affects your intelligence (+3).
   It affects your accuracy and damage with ranged weapons and melee attacks
   (+2).
   It protects you from poison.
   It protects you from negative energy.
 q - a ring of protection from fire (left hand)
 F - an uncursed ring of protection from cold
Wands
 d - a wand of digging (4/24)
 h - a wand of lightning (4/15)
 N - a wand of paralysis (7/24)
 R - a wand of iceblast (7/15)
 T - a wand of confusion (3/48)
 Y - a wand of disintegration (0/24)
Scrolls
 f - 4 scrolls of teleportation
 t - 7 scrolls of remove curse
 w - 5 scrolls of immolation
 C - 4 scrolls of fog
 J - a scroll of fear
 V - a scroll of torment
Potions
 c - 2 potions of curing
 m - 2 potions of agility
 r - 2 potions of cancellation
 u - 6 potions of lignification
 x - 3 potions of resistance
 z - a potion of might
 A - 2 potions of invisibility
 B - 3 potions of haste
 L - a potion of magic
Miscellaneous
 y - an ornate deck of summoning {drawn: 5}
 E - a legendary deck of summoning {drawn: 12}
 G - a phantom mirror
 I - a plain deck of destruction {drawn: 6}
 M - a disc of storms
 O - an ornate deck of summoning {drawn: 2}
 Q - the horn of Geryon (inert)
 U - an ornate deck of summoning {drawn: 5}
Comestibles
 g - 9 meat rations
 v - 6 beef jerkies


   Skills:
 - Level 2.1 Fighting
 - Level 14.4 Short Blades
 - Level 2.1 Throwing
 - Level 5.0 Armour
 - Level 11.9 Dodging
 * Level 23.8 Stealth
 + Level 11.0 Shields
 - Level 4.0 Unarmed Combat
 - Level 5.9 Spellcasting
 - Level 2.4 Conjurations
 - Level 5.2 Hexes
 - Level 2.2 Air Magic
 - Level 2.1 Poison Magic
 + Level 14.4 Evocations


You had 18 spell levels left.
You knew the following spells:

 Your Spells              Type           Power        Failure   Level  Hunger
a - Ensorcelled Hibernat  Hex/Ice        ###...       24%         2    None
b - Blink                 Tloc           N/A          71%         2    None
c - Mephitic Cloud        Conj/Pois/Air  ###.....     50%         3    ##.....
x - Confusing Touch       Hex            ####..       8%          1    None
z - Call Imp              Summ           #.......     71%         2    None


Dungeon Overview and Level Annotations

Branches:
Dungeon (15/15)            Temple (1/1) D:4            Lair (6/6) D:10
  Swamp (4/4) Lair:3        Snake (4/4) Lair:2        Slime (1/5) Lair:5
    Orc (2/2) D:10            Elf (0/3) Orc:2        Vaults (1/5) D:13
   Hell (1/1)
 Depths: D:15           Dis: Hell:1         Geh: Hell:1         Coc: Hell:1
    Tar: Hell:1

Altars:
Ashenzari
Cheibriados
Dithmenos
Elyvilon
Fedhas
Gozag
Hepliaklqana
Kikubaaqudgha
Makhleb
Nemelex Xobeh
Okawaru
Qazlal
Ru
Sif Muna
Trog
Uskayaw
Vehumet
Xom
Yredelemnul
Zin
The Shining One

Shops:
D:6 }   D:11 =([   D:14 %   Orc:2 %*?%   Snake:1 !   Snake:2 =}*(
Snake:4 (*%[

Portals:
Hell: Lair:6

Annotations:
D:10 exclusion: oklob plant


Innate Abilities, Weirdness & Mutations

You are small and have problems with some larger weapons.
You are carnivorous and can eat meat at any time.
You have sharp fingernails.
You are partially covered in icy blue scales. (AC +2)
You are partially covered in thin metallic scales. (AC +2)
You are partially covered in yellow scales. (AC +2)
Your skin changes colour to match your surroundings (Stealth+).
You can translocate small distances at will.
Your mind is acute. (Int +2)
You are resistant to hostile enchantments. (MR+)
You are very robust. (+20% HP)
You are resistant to electric shocks. (rElec)
Your muscles are strong. (Str +2)
Your spells are a little harder to cast, but a little more powerful.
You evolve.


Message History

You feel better. The nagaraja completely misses you.
* * * LOW HITPOINT WARNING * * *
The nagaraja constricts you.
You block the guardian serpent's attack.
Grinner's illusion hits the guardian serpent!
The guardian serpent casts a spell.
The naga sharpshooter spits poison at you.
The splash of poison hits you!
You are poisoned.
You resist.
Blink to where?
Press: ? - help, Dir - move target cursor You escape the nagaraja's grasp.
You are very lightly contaminated with residual magic.
As you read the scroll of blinking, it crumbles to dust.
You feel sick.
The guardian serpent barely misses Grinner's illusion.
The nagaraja hits you!
You die...
Your body disappears without a glow.

.....'.........)[...#.....#.###)(
...'##.#......))....##.8.##...)).
##'#...#######.)8..#######...)...
........####......##,........)...
........#........##.............#
##......'...8...##......###......
*#......#......##......#* #....##
#.....#.+.....####....#* #...##
......###...###@@#....## ##...#
#####.#*#####.S@N#.....###...##
#..##...).##S#.....#.....#
#.........#.N#...........#
#.........##(#...........# *
#..........###...........# **
#....####................#
,***#....+,,#..........###...#
,,,*#...,**+#..........#.##..####


You could see a nagaraja, a naga sharpshooter, 2 guardian serpents and 2
friendly Grinner's illusions.

Vanquished Creatures
  Geryon (Hell)
  Rupert (Lair:4)
  Donald (Swamp:2)
  2 nagarajas
  Aizul (Snake:1)
  Nessos (Lair:5)
  A dire elephant (Lair:6)
  A red draconian (Volcano)
  A minotaur (Lab)
  Josephine (Lair:5)
  An ogre mage (Volcano)
  A vault guard (D:13)
  A rakshasa (Vaults:1)
  2 ice dragons (Swamp:4)
  A catoblepas (Lair:6)
  19 naga warriors
  Erica (D:11)
  5 hydras
  7 anacondas
  3 alligators
  An orc high priest (Orc:2)
  4 death yaks
  7 shock serpents
  3 naga sharpshooters
  9 slime creatures
  5 skeletal warriors
  A salamander mystic (Snake:1)
  An unseen horror (Lab)
  3 swamp dragons
  3 naga ritualists
  2 hill giants
  A wizard (Lair:6)
  3 orc knights
  8 mana vipers
  A wolf spider (Vaults:1)
  7 ugly things
  A cyclops (Orc:2)
  5 orc sorcerers (Orc:2)
  8 salamanders
  13 naga magi
  2 rust devils (Hell)
  6 guardian serpents
  12 spiny frogs
  39 black mambas
  A smoke demon (Lair:6)
  A spiny frog (shapeshifter) (D:13)
  2 orange demons (Lair:6)
  2 molten gargoyles (Volcano)
  2 torpor snails (Lair:6)
  2 centaur zombies
  6 rime drakes
  A hellwing (Lair:6)
  4 komodo dragons
  A demonic crawler (Hell)
  A kobold demonologist (D:15)
  5 ice devils (Lair:6)
  A freezing wraith (D:13)
  3 polar bears
  5 trolls
  4 hornets
  5 two-headed ogres
  4 tyrant leeches
  4 bog bodies
  11 hippogriffs
  A dream sheep (Lair:6)
  17 blink frogs
  A spriggan (D:7)
  3 shadows
  3 wyverns
  A spriggan (shapeshifter) (D:13)
  28 yaks
  4 wraiths (Lair:5)
  A yak (shapeshifter) (D:13)
  3 hungry ghosts
  4 basilisks
  A steam dragon (D:12)
  6 vampire mosquitoes
  3 swamp worm simulacra (Swamp:4)
  A warg (Orc:1)
  31 nagas
  2 insubstantial wisps (Swamp:1)
  12 water moccasins
  26 swamp worms
  5 hydra simulacra (Swamp:4)
  8 porcupines
  A hell hound (Lair:5)
  17 orc warriors
  2 phantoms
  6 swamp drakes
  2 sky beasts
  8 black bears
  An eye of draining (Lair:5)
  2 ice beasts
  5 ogres
  3 centaurs
  15 wolves
  11 crocodiles
  4 big kobolds
  18 bullfrogs
  2 wyvern zombies
  A water moccasin zombie (D:8)
  2 scorpions
  3 killer bees (D:9)
  A wight (D:10)
  3 electric eels
  3 howler monkeys
  5 crimson imps
  2 bullfrog zombies
  13 orc priests
  5 hounds
  2 jellies
  Crazy Yiuf (D:5)
  An iron imp (Hell)
  An iguana (D:12)
  30 orc wizards
  7 worker ants
  8 hell rats (Lair:1)
  A hound skeleton (D:8)
  A howler monkey skeleton (D:6)
  A worker ant zombie (D:11)
  10 adders
  13 river rats (Lair:1)
  A shadow imp (D:10)
  4 oozes
  2 swamp drake simulacra (Swamp:4)
  An adder skeleton (D:6)
  11 worms
  A dart slug (D:1)
  5 leopard geckos
  43 orcs
  7 bats
  6 giant cockroaches
  9 goblins
  9 hobgoblins
  9 jackals
  15 kobolds
  4 quokkas
  3 ball pythons (D:3)
  5 frilled lizards
  A quokka zombie (D:7)
  19 rats
  2 fungi
  A plant (D:10)
792 creatures vanquished.

Vanquished Creatures (collateral kills)
  The ghost of blobert the Protected, a journeyman GrFi of Okawaru (Lair:6)
  Snorg (Orc:2)
  An ice dragon (Swamp:4)
  A hydra (Lair:6)
  3 naga warriors
  A rakshasa (D:14)
  3 anacondas
  A centaur warrior (D:14)
  An alligator (Swamp:3)
  3 death yaks (Lair:5)
  5 shock serpents
  Nergalle (Lair:1)
  A salamander mystic (Snake:4)
  A sixfirhy (Lair:6)
  A spriggan druid (Swamp:4)
  2 naga ritualists
  2 hill giants
  4 ugly things (D:14)
  4 mana vipers
  A manticore (Lair:5)
  Joseph (D:9)
  2 salamanders
  A guardian serpent (Snake:4)
  A naga mage (Snake:3)
  12 black mambas
  An orange demon (Lair:6)
  4 freezing wraiths (Swamp:4)
  A komodo dragon (Lair:5)
  An ice devil (Lair:6)
  5 rime drakes (Lair:5)
  A hornet (Swamp:4)
  11 slime creatures
  3 hippogriffs
  4 wyverns (Lair:5)
  6 yaks
  Eustachio (D:5)
  5 basilisks
  A swamp worm simulacrum (Swamp:4)
  14 vampire mosquitoes
  4 swamp worms
  3 insubstantial wisps (Swamp:1)
  11 nagas
  A porcupine (Lair:1)
  3 hell hounds (Lair:5)
  9 hydra simulacra (Swamp:4)
  An ice beast (D:6)
  2 phantoms
  2 orc warriors
  A sky beast (D:10)
  2 ogres (D:10)
  A centaur (D:5)
  A crocodile (Lair:6)
  3 bullfrogs
  A water moccasin skeleton (D:6)
  A killer bee (D:9)
  4 wights (D:10)
  2 howler monkeys (D:10)
  A crimson imp (D:5)
  3 hounds
  6 jellies
  10 orc wizards
  3 orc priests
  3 worker ants
  3 iguanas
  2 worker ant zombies
  2 adders
  4 oozes (Lair:5)
  2 swamp drake simulacra (Swamp:4)
  A leopard gecko (D:6)
  12 orcs
  2 jackals
  A frilled lizard (D:8)
  4 kobolds (D:7)
  A leopard gecko skeleton (D:5)
  A fungus (Lair:6)
  A plant (Lair:6)
227 creatures vanquished.

Vanquished Creatures (others)
  2 nagarajas (Snake:4)
  An ice dragon (Swamp:4)
  A cyclops (Vaults:1)
  2 nagas
  A hydra simulacrum (Swamp:4)
  4 orc warriors
  2 ogres
  A phantom (D:5)
  A centaur (D:15)
  A crimson imp (D:5)
  An iguana (D:6)
  An orc wizard (Orc:2)
  A ball lightning (D:7)
  A leopard gecko (D:5)
  9 orcs
  A jackal (D:9)
  A kobold (D:7)
  15 fungi
  7 plants
53 creatures vanquished.

Grand Total: 1072 creatures vanquished

Notes
Turn   | Place    | Note
-------+----------+-------------------------------------------
     0 | D:1      | Grinner the Kobold Assassin began the quest for the Orb.
     0 | D:1      | Reached XP level 1. HP: 12/12 MP: 1/1
   212 | D:1      | Reached XP level 2. HP: 9/17 MP: 2/2
   996 | D:1      | Reached XP level 3. HP: 21/21 MP: 3/3
  1385 | D:2      | Found a sparkling altar of Nemelex Xobeh.
  1386 | D:2      | Found a shimmering altar of Xom.
  1393 | D:2      | Became a worshipper of Nemelex Xobeh the Trickster
  1484 | D:2      | Received a gift from Nemelex Xobeh
  1561 | D:2      | Reached skill level 6 in Stealth
  1664 | D:2      | Received a gift from Nemelex Xobeh
  1865 | D:2      | Reached XP level 4. HP: 26/26 MP: 4/4
  2052 | D:3      | Reached * piety under Nemelex Xobeh
  2134 | D:3      | Received a gift from Nemelex Xobeh
  2401 | D:3      | Found a hazy altar of Hepliaklqana.
  2528 | D:3      | Found an opulent altar of Gozag.
  2689 | D:4      | Found a deep blue altar of Sif Muna.
  2862 | D:4      | Found a blossoming altar of Fedhas.
  2904 | D:4      | Reached ** piety under Nemelex Xobeh
  2943 | D:4      | Found a staircase to the Ecumenical Temple.
  2984 | D:4      | Received a gift from Nemelex Xobeh
  3026 | D:4      | Found a shadowy altar of Dithmenos.
  3156 | D:5      | Entered Level 5 of the Dungeon
  3158 | D:5      | Reached skill level 1 in Shields
  3158 | D:5      | Reached XP level 5. HP: 30/30 MP: 5/5
  3165 | D:5      | Reached skill level 7 in Stealth
  3180 | D:5      | Learned a level 2 spell: Call Imp
  3214 | Temple   | Entered the Ecumenical Temple
  3456 | D:5      | Received a gift from Nemelex Xobeh
  3465 | D:5      | Noticed a phantom
  3475 | D:5      | Killed a phantom
  3475 | D:5      | Reached XP level 6. HP: 35/35 MP: 6/6
  3476 | D:5      | Noticed a phantom
  3485 | D:5      | Noticed Eustachio
  3491 | D:5      | Reached skill level 8 in Stealth
  3493 | D:5      | Killed a phantom
  3493 | D:5      | Reached XP level 7. HP: 28/40 MP: 7/7
  3500 | D:5      | Killed Eustachio
  3500 | D:5      | Reached skill level 5 in Short Blades
  3772 | D:5      | Found a runed door.
  3837 | D:5      | Learned a level 1 spell: Confusing Touch
  3885 | D:5      | Found a shattered altar of Ashenzari.
  4077 | D:5      | Noticed Crazy Yiuf
  4081 | D:5      | Killed Crazy Yiuf
  4081 | D:5      | Reached skill level 9 in Stealth
  4401 | D:6      | Reached XP level 8. HP: 41/44 MP: 5/8
  4556 | D:6      | Received a gift from Nemelex Xobeh
  4599 | D:6      | Reached *** piety under Nemelex Xobeh
  4796 | D:6      | Reached skill level 10 in Stealth
  4897 | D:6      | Found Ediniott's Gadget Emporium.
  5006 | D:6      | Reached skill level 5 in Dodging
  5166 | D:6      | Reached skill level 1 in Evocations
  5288 | D:6      | Received a gift from Nemelex Xobeh
  5807 | D:7      | Reached XP level 9. HP: 45/48 MP: 10/10
  5836 | D:7      | Gained mutation: You are partially covered in yellow scales. (AC +2) [mutagenic meat]
  5837 | D:7      | Gained mutation: Your mind is acute. (Int +2) [mutagenic meat]
  5838 | D:7      | Gained mutation: You are resistant to electric shocks. (rElec) [mutagenic meat]
  5839 | D:7      | Gained mutation: You can translocate small distances at will. [mutagenic meat]
  5840 | D:7      | Gained mutation: You are robust. (+10% HP) [mutagenic meat]
  6129 | D:7      | Found a radiant altar of Vehumet.
  6180 | D:7      | Reached skill level 11 in Stealth
  6399 | D:8      | Received a gift from Nemelex Xobeh
  6666 | D:8      | Reached **** piety under Nemelex Xobeh
  7051 | D:8      | Lost mutation: Your mind is acute. (Int +2) [mutagenic meat]
  7052 | D:8      | Gained mutation: You occasionally shout uncontrollably at your foes. [mutagenic meat]
  7482 | D:9      | Received a gift from Nemelex Xobeh
  7486 | D:9      | Noticed a hippogriff
  7520 | D:9      | Killed a hippogriff
  7520 | D:9      | Reached skill level 12 in Stealth
  7539 | D:9      | Reached XP level 10. HP: 50/58 MP: 13/13
  7581 | D:9      | Killed a very large slime creature
  7621 | D:9      | Reached skill level 5 in Evocations
  7994 | D:9      | Noticed Joseph
  7998 | D:9      | Noticed a hill giant
  8003 | D:9      | Reached skill level 13 in Stealth
  8018 | D:9      | You fall through a shaft!
  8018 | D:10     | Entered Level 10 of the Dungeon
  8284 | D:10     | Noticed a hill giant
  8287 | D:10     | Killed a hill giant
  8287 | D:10     | Reached skill level 5 in Shields
  8302 | D:10     | Noticed a rust devil
  8303 | D:10     | Noticed a rust devil
  8342 | D:10     | Gained mutation: You evolve. [potion of mutation]
  8342 | D:10     | Gained mutation: Your mind is acute. (Int +2) [potion of mutation]
  8343 | D:10     | Gained mutation: You expend magic power (3 MP) to strengthen your wands. [potion of mutation]
  8343 | D:10     | Gained mutation: Your spells are a little harder to cast, but a little more powerful. [potion of mutation]
  8343 | D:10     | Gained mutation: Your muscles are strong. (Str +2) [potion of mutation]
  8369 | D:10     | Received a gift from Nemelex Xobeh
  8372 | D:10     | Found a staircase to the Lair.
  8548 | D:10     | Reached XP level 11. HP: 60/62 MP: 15/15
  8746 | D:10     | Found a staircase to the Orcish Mines.
  9377 | D:10     | Noticed an oklob plant
  9379 | D:10     | You fall through a shaft for 3 floors!
  9380 | D:13     | Reached skill level 14 in Stealth
  9520 | D:13     | Found a glowing golden altar of the Shining One.
  9563 | D:12     | Noticed a green ugly thing
  9711 | D:11     | Found Liocseq's Jewellery Boutique.
  9745 | D:11     | Gained mutation: You possess an exceptional clarity of mind. [evolution]
  9749 | D:11     | Received a gift from Nemelex Xobeh
  9794 | D:11     | Found Ysihut's Weapon Emporium.
  9808 | D:11     | Noticed a hill giant
  9813 | D:11     | Killed a hill giant
 10440 | D:11     | Reached ***** piety under Nemelex Xobeh
 10440 | D:11     | Received a gift from Nemelex Xobeh
 10598 | D:11     | Noticed Erica
 10610 | D:11     | Killed Erica
 10610 | D:11     | Reached skill level 10 in Short Blades
 10713 | D:11     | Found Vader's Antique Armour Boutique.
 10738 | D:11     | Bought a pair of pitted gloves for 275 gold pieces
 10748 | D:11     | Identified the +0 pair of gloves "Xukypont" {+Fly Dex+2} (You bought it in a shop on level 11 of the Dungeon)
 10966 | D:9      | Reached skill level 15 in Stealth
 10987 | D:9      | Killed Joseph
 11014 | D:9      | Killed a hill giant
 11563 | Lair:1   | Entered Level 1 of the Lair of Beasts
 11606 | Lair:1   | Noticed Nergalle
 11624 | Lair:1   | Killed Nergalle
 11718 | Lair:1   | Reached XP level 12. HP: 30/68 MP: 17/17
 11821 | Lair:1   | Gained mutation: You are resistant to hostile enchantments. (MR+) [evolution]
 12053 | Lair:1   | Received a gift from Nemelex Xobeh
 12778 | Lair:2   | Reached skill level 16 in Stealth
 12970 | Lair:2   | Found a staircase to the Snake Pit.
 13047 | Lair:2   | You fall through a shaft!
 13286 | Lair:3   | Noticed a four-headed hydra
 13293 | Lair:3   | Killed a four-headed hydra
 13295 | Lair:3   | Noticed a five-headed hydra
 13300 | Lair:3   | Killed a five-headed hydra
 13416 | Lair:3   | Gained mutation: You are very robust. (+20% HP) [potion of mutation]
 13417 | Lair:3   | Gained mutation: You are partially covered in thin metallic scales. (AC +2) [potion of mutation]
 13667 | Lair:3   | Reached skill level 10 in Dodging
 14124 | Lair:3   | Received a gift from Nemelex Xobeh
 14298 | Lair:3   | Found a staircase to the Swamp.
 14559 | Lair:2   | Reached skill level 17 in Stealth
 14559 | Lair:2   | Reached skill level 1 in Unarmed Combat
 14746 | Lair:2   | Reached XP level 13. HP: 71/79 MP: 19/19
 14813 | Lair:2   | Received a gift from Nemelex Xobeh
 14977 | Lair:2   | Lost mutation: You occasionally shout uncontrollably at your foes. [evolution]
 15014 | Lair:2   | You fall through a shaft for 2 floors!
 15076 | Lair:4   | Reached ****** piety under Nemelex Xobeh
 15178 | Lair:4   | Received a gift from Nemelex Xobeh
 15308 | Lair:4   | Noticed Rupert
 15355 | Lair:4   | Killed Rupert
 16072 | Snake:1  | Entered Level 1 of the Snake Pit
 16518 | Swamp:1  | Entered Level 1 of the Swamp
 17108 | Swamp:1  | You fall through a shaft!
 17142 | Swamp:2  | Noticed Donald
 17147 | Swamp:2  | Killed Donald
 17340 | Swamp:2  | Reached skill level 18 in Stealth
 17461 | Swamp:2  | Received a gift from Nemelex Xobeh
 17479 | Swamp:2  | Reached skill level 10 in Evocations
 17851 | Swamp:3  | Reached XP level 14. HP: 62/86 MP: 21/21
 18374 | Swamp:3  | Received a gift from Nemelex Xobeh
 18431 | Swamp:3  | You fall through a shaft!
 18431 | Swamp:4  | Entered Level 4 of the Swamp
 19196 | Swamp:4  | Received a gift from Nemelex Xobeh
 19213 | Swamp:4  | HP: 3/86 [ice dragon/blast of cold (28)]
 20338 | Swamp:4  | Got a decaying rune of Zot
 20461 | Swamp:4  | Gained mutation: Your skin changes colour to match your surroundings (Stealth+). [evolution]
 20687 | Swamp:3  | Reached skill level 19 in Stealth
 20705 | Swamp:3  | Noticed a thorn hunter
 20806 | Swamp:1  | Received a gift from Nemelex Xobeh
 20806 | Swamp:1  | Received a gift from Nemelex Xobeh
 21386 | Lair:5   | Noticed Nessos
 21389 | Lair:5   | Killed Nessos
 21475 | Lair:5   | Noticed Josephine
 21493 | Lair:5   | Killed Josephine
 21768 | Lair:5   | Identified a scroll of acquirement
 21879 | Lair:5   | Found a staircase to the Slime Pits.
 22033 | Lair:5   | Reached skill level 1 in Armour
 22413 | Lair:5   | Reached XP level 15. HP: 82/91 MP: 23/23
 22659 | Lair:6   | Entered Level 6 of the Lair of Beasts
 22660 | Lair:6   | Received a gift from Nemelex Xobeh
 22755 | Lair:6   | Noticed blobert's ghost (journeyman GrFi)
 22758 | Lair:6   | Found a dark tunnel.
 22767 | Volcano  | Entered a volcano
 22960 | Volcano  | Found a radiant altar of Vehumet.
 23483 | Lair:6   | Reached skill level 20 in Stealth
 23736 | Lair:6   | Killed blobert's ghost
 23763 | Lair:6   | Received a gift from Nemelex Xobeh
 24167 | Lair:6   | Found a burning altar of Makhleb.
 26064 | Lair:6   | Found a gateway to Hell.
 26422 | Hell     | Entered the Vestibule of Hell
 26422 | Hell     | Noticed Geryon
 26433 | Hell     | Killed Geryon
 26485 | Hell     | Noticed a war gargoyle
 26485 | Hell     | Noticed a reaper
 26605 | Lair:5   | Reached XP level 16. HP: 67/96 MP: 25/25
 26606 | Lair:5   | Reached skill level 21 in Stealth
 26732 | Slime:1  | Entered Level 1 of the Pits of Slime
 26732 | Slime:1  | Noticed an azure jelly
 27231 | Snake:1  | Received a gift from Nemelex Xobeh
 27312 | Snake:1  | Learned a level 2 spell: Blink
 27316 | Snake:1  | Learned a level 3 spell: Mephitic Cloud
 27525 | Snake:1  | Found Mol Kit's Distillery.
 27550 | Snake:1  | Noticed Aizul
 27555 | Snake:1  | Killed Aizul
 27555 | Snake:1  | Reached skill level 1 in Conjurations
 27657 | Snake:1  | Reached skill level 1 in Poison Magic
 27956 | Snake:1  | Reached skill level 1 in Spellcasting
 27957 | Snake:1  | Reached skill level 1 in Air Magic
 28020 | Snake:1  | Found a hazy altar of Hepliaklqana.
 28114 | Snake:1  | Found a glowing golden altar of the Shining One.
 28819 | Snake:1  | Received a gift from Nemelex Xobeh
 28819 | Snake:1  | Received a gift from Nemelex Xobeh
 29403 | Snake:1  | Gained mutation: You are partially covered in icy blue scales. (AC +2) [evolution]
 29640 | Orc:1    | Entered Level 1 of the Orcish Mines
 29860 | Orc:2    | Entered Level 2 of the Orcish Mines
 29868 | Orc:2    | Noticed Snorg
 29886 | Orc:2    | Killed Snorg
 29962 | Orc:2    | Found a staircase to the Elven Halls.
 30469 | Orc:2    | Reached skill level 1 in Hexes
 31093 | Orc:2    | Found Vuuv's Food Emporium.
 31093 | Orc:2    | Found Puusk's Magic Scroll Shoppe.
 31094 | Orc:2    | Found Seabbef's Food Shoppe.
 31117 | Orc:2    | Found Qyuwe's General Store.
 31146 | Orc:2    | Bought the ring "Qihosk" {rPois rN+ Int+3 Slay+2} for 642 gold pieces
 31281 | D:11     | Bought crude steam dragon scales for 1305 gold pieces
 31293 | D:11     | Identified the cursed +0 steam dragon scales of the Gate {*Drain rC+ Stlth+} (You bought it in a shop on level 11 of the Dungeon)
 31469 | D:12     | Learned a level 2 spell: Ensorcelled Hibernation
 31798 | D:13     | Received a gift from Nemelex Xobeh
 31888 | D:13     | Found a gate to the Vaults.
 32248 | Vaults:1 | Entered Level 1 of the Vaults
 32631 | Snake:2  | Reached skill level 10 in Shields
 32742 | Snake:1  | Reached XP level 17. HP: 25/100 MP: 26/26
 33401 | Snake:2  | Reached skill level 5 in Armour
 33795 | Snake:2  | Found Tud Narif's Jewellery Shoppe.
 33856 | Snake:2  | Reached skill level 22 in Stealth
 34009 | Snake:2  | Received a gift from Nemelex Xobeh
 34050 | Snake:2  | Found Ratoh's Antique Weapon Emporium.
 34050 | Snake:2  | Found Soyrr's Assorted Antiques.
 34069 | Snake:2  | Found Vumen's Gadget Emporium.
 36514 | D:14     | Found a labyrinth entrance.
 36520 | Lab      | Entered a labyrinth
 36679 | Lab      | Received a gift from Nemelex Xobeh
 37735 | Lab      | Identified the Incunabulum of the Poisonous Arsonist
 37794 | D:15     | Entered Level 15 of the Dungeon
 37981 | D:15     | Received a gift from Nemelex Xobeh
 38185 | D:14     | Lost mutation: You expend magic power (3 MP) to strengthen your wands. [evolution]
 38194 | D:14     | Found Taqel's Food Shoppe.
 38428 | D:14     | Reached skill level 5 in Spellcasting
 38473 | D:14     | Lost mutation: You possess an exceptional clarity of mind. [mutagenic meat]
 38478 | D:14     | Gained mutation: You expend magic power (3 MP) to strengthen your wands. [mutagenic meat]
 38481 | D:14     | Lost mutation: You expend magic power (3 MP) to strengthen your wands. [mutagenic meat]
 38483 | D:14     | Gained mutation: You have sharp fingernails. [mutagenic meat]
 39298 | Vaults:1 | Received a gift from Nemelex Xobeh
 39956 | Snake:3  | Identified a +0 rod of clouds (13/13) (You took it off a naga mage on level 3 of the Snake Pit)
 40062 | Snake:3  | Reached skill level 23 in Stealth
 40667 | Snake:3  | Received a gift from Nemelex Xobeh
 40693 | Snake:4  | Entered Level 4 of the Snake Pit
 40702 | Snake:4  | Reached XP level 18. HP: 104/106 MP: 28/28
 40844 | Snake:4  | Identified the cursed +0 helmet of Free Expression {rCorr Str+5 Dex-2} (You found it on level 4 of the Snake Pit)
 40860 | Snake:4  | Reached skill level 5 in Hexes
 41549 | Snake:4  | Found Kaip Zupn's Weapon Boutique.
 41549 | Snake:4  | Found Tokhlak's Food Boutique.
 41549 | Snake:4  | Found Yfitaonk's Assorted Antiques.
 41549 | Snake:4  | Found Figuf's Antique Armour Boutique.
 41610 | Snake:4  | Bought a polished helmet for 266 gold pieces
 41621 | Snake:4  | Identified the +1 helmet of the Six Deaths {rPois MP+9 Str+8 Slay-4} (You bought it in a shop on level 4 of the Snake Pit)
 41756 | Snake:4  | Bought a pair of twisted boots for 266 gold pieces
 41766 | Snake:4  | Identified the +0 pair of boots of the Desert {rElec Dex+4} (You bought it in a shop on level 4 of the Snake Pit)
 42189 | Snake:4  | HP: 5/106 [guardian serpent (18)]
 42191 | Snake:4  | Slain by a nagaraja

Skill      XL: |  1  2  3  4  5  6  7  8  9 10 11 12 13 14 15 16 17 18 |
---------------+-------------------------------------------------------+-----
Short Blades   | 3 4 5 6 7 9 10 11 12 13 14 | 14.4
Dodging        | 2 3 4 5 6 7 9 10 11 | 11.9
Stealth        | 6 7 8 9 10 12 13 15 17 18 19 20 21 23 | 23.8
Shields        | 1 2 3 4 5 6 7 8 9 10 11 | 11.0
Evocations     | 2 4 5 7 8 10 11 12 13 14 | 14.4
Unarmed Combat | 1 4 |  4.0
Armour         | 1 3 4 5 |  5.0
Conjurations   | 2 |  2.4
Poison Magic   | 2 |  2.1
Spellcasting   | 3 5 |  5.9
Air Magic      | 2 |  2.2
Hexes          | 2 4 5 |  5.2
Fighting       | |  2.1
Throwing       | |  2.1

Action                   |  1- 3 |  4- 6 |  7- 9 | 10-12 | 13-15 | 16-18 || total
-------------------------+-------+-------+-------+-------+-------+-------++-------
Melee: Dagger            |    93 |    70 |   165 |   845 |       |   516 ||  1689
       Rapier            |     4 |       |   139 |   278 |  1699 |  1446 ||  3566
       Unarmed           |       |       |     9 |    33 |       |    17 ||    59
       Short sword       |       |       |       |    17 |    15 |       ||    32
       Knife             |       |       |       |       |   112 |   386 ||   498
 Fire: Blowgun           |     2 |       |       |       |       |       ||     2
 Cast: Confusing Touch   |       |       |    12 |    23 |       |     6 ||    41
Invok: Triple Draw       |       |       |       |     3 |     1 |     6 ||    10
Evoke: Deck              |       |    10 |    40 |    34 |    56 |    62 ||   202
       Wand              |       |       |     1 |    39 |    15 |    15 ||    70
       Horn of Geryon    |       |       |       |       |     1 |     6 ||     7
       Disc of storms    |       |       |       |       |       |    32 ||    32
       Rod               |       |       |       |       |       |     3 ||     3
       Box of beasts     |       |       |       |       |       |     2 ||     2
  Use: Scroll            |       |       |     8 |    19 |    24 |    19 ||    70
       Potion            |       |       |       |     6 |     5 |     8 ||    19
 Stab: Sleeping          |    10 |     5 |    12 |    21 |    42 |    40 ||   130
       Distracted        |     1 |       |     5 |    10 |    22 |    29 ||    67
       Confused          |       |       |     3 |    17 |     1 |     9 ||    30
       Petrifying        |       |       |       |       |     5 |     1 ||     6
       Petrified         |       |       |       |       |     2 |       ||     2
  Eat: Chunk             |     6 |     6 |    30 |    25 |    32 |    61 ||   160
       Meat ration       |       |       |       |       |     1 |     1 ||     2
       Royal jelly       |       |       |       |       |       |     3 ||     3
       Beef jerky        |       |       |       |       |       |     3 ||     3
Armor: Robe              |    18 |     5 |    21 |    21 |       |       ||    65
       Leather armour    |       |       |       |    75 |    93 |       ||   168
       Swamp dragon scal |       |       |       |       |   105 |    80 ||   185
       Skin              |       |       |       |       |     3 |       ||     3
       Steam dragon scal |       |       |       |       |       |   142 ||   142
Dodge: Dodged            |    45 |    30 |   190 |   537 |   906 |  1028 ||  2736
Block: Buckler           |     9 |    13 |    75 |   245 |   105 |       ||   447
       Shield            |       |       |       |       |   573 |  1119 ||  1692
       Reflection        |       |       |       |       |     1 |    92 ||    93
